 Dungeon Crawl Stone Soup version 0.30-a0-782-ge64f9170bb (webtiles) character file.

Game seed: 13959627524072843672

204 funkygono the Chopper (level 5, -1/46 HPs)
             Began as a Minotaur Fighter on Mar 16, 2023.
             Slain by a gnoll
             ... wielding a +0 halberd
             ... led by a gnoll sergeant
              (9 damage)
             ... on level 5 of the Dungeon.
             The game lasted 00:04:19 (2637 turns).

funkygono the Chopper (Minotaur Fighter)            Turns: 2637, Time: 00:04:20

Health: -1/46      AC: 10    Str: 22    XL:     5   Next: 52%
Magic:  4/4        EV:  8    Int:  5    God:
Gold:   277        SH:  4    Dex: 10    Spells: 4/4 levels left

rFire   . . .      SeeInvis .    a - +0 war axe
rCold   . . .      Faith    .    c - +0 buckler
rNeg    . . .      Spirit   .    s - +0 chain mail
rPois   .          Reflect  .    (helmet restricted)
rElec   .          Harm     .    (no cloak)
rCorr   .          Rampage  .    (no gloves)
Will    .....                    i - +0 pair of boots Stlth
                                 (no amulet)
HPRegen 0.27/turn                (no ring)
MPRegen 0.09/turn                (no ring)

@: no status effects
A: horns 2, retaliatory headbutt
a: no special abilities


You were on level 5 of the Dungeon.
You visited 1 branch of the dungeon, and saw 5 of its levels.

You collected 277 gold pieces.

Inventory:

Hand Weapons
 a - a +0 war axe (weapon)
 m - a +3 long sword
Missiles
 p - 5 boomerangs (quivered)
Armour
 c - a +0 buckler (worn)
 i - a +0 pair of boots (worn)
 s - a +0 chain mail (worn)
Jewellery
 k - a ring of magical power
Wands
 q - a wand of flame (16)
Scrolls
 g - a scroll of teleportation
 j - 2 scrolls of poison
 l - 3 scrolls of identify
 t - 3 scrolls of immolation {unknown}
Potions
 b - 2 potions of mutation {unknown}
 d - a potion of might
 e - 3 potions of lignification
 f - a potion of haste {unknown}
 h - 2 potions of berserk rage {unknown}
 n - 2 potions of attraction {unknown}
 o - a potion of brilliance {unknown}
 r - a potion of flight {unknown}


   Skills:
 + Level 4.2 Fighting
 + Level 5.3 Axes
 + Level 4.5 Armour
 + Level 1.3 Dodging
 + Level 4.3 Shields


You had 4 spell levels left.
You didn't know any spells.
Your spell library was empty.

Dungeon Overview and Level Annotations

Branches:
Dungeon (5/15)
 Temple: D:4-7

Altars:


Innate Abilities, Weirdness & Mutations

You have a pair of horns on your head.
You reflexively headbutt those who attack you in melee.


Message History

There is a stone staircase leading down here.
You climb downwards.
There is a stone staircase leading up here.
A quokka comes into view.
You hit the quokka.
The quokka is heavily wounded.
You block the quokka's attack.
You miss the quokka. You headbutt the quokka.
You kill the quokka!
You see here a quokka corpse.
A gnoll comes into view. It is wielding a +0 halberd.
The gnoll shouts!
You hear a shout!
A gnoll comes into view. It is wielding a +0 halberd.
You hit the gnoll.
The gnoll is lightly wounded.
The gnoll hits you with a +0 battleaxe.
You hit the gnoll but do no damage. The gnoll barely misses you.
You furiously retaliate!
You headbutt the gnoll. The gnoll closely misses you.
The gnoll hits you with a +0 battleaxe.
You closely miss the gnoll.
The gnoll is lightly wounded.
The gnoll hits you with a +0 battleaxe!
The gnoll hits you from afar with a +0 halberd!
You slash the gnoll! Your headbutt misses the gnoll.
The gnoll is severely wounded.
You block the gnoll's attack.
The gnoll hits you from afar with a +0 halberd.
You closely miss the gnoll. Your headbutt misses the gnoll.
The gnoll is severely wounded.
The gnoll barely misses you. x2
You hit the gnoll but do no damage.
The gnoll is severely wounded.
The gnoll closely misses you. The gnoll hits you with a +0 battleaxe!
* * * LOW HITPOINT WARNING * * *
The gnoll barely misses you. You furiously retaliate!
You headbutt the gnoll!
You kill the gnoll!
The gnoll hits you from afar with a +0 halberd.
* * * LOW HITPOINT WARNING * * *
The gnoll hits you with a +0 halberd!
You die...

##.. #.. #.#
...##### #.#
......# #.# ..##.#
#.# #.##.#. #.#
#....#. #g#
#....#. #@#
#....#. #.#
########....#. #.#
#<.......##.#. #.#
###########.#.
#.##########......
#.............#.##
############..#..†
#..#.#. #..#.#.


You could see a gnoll.

Vanquished Creatures
  A hound (D:4)
  An orc priest (D:3)
  An iguana (D:4)
  A gnoll (D:5)
  2 adders (D:4)
  4 worms
  A dart slug (D:1)
  11 orcs
  3 ball pythons
  5 endoplasms
  A giant cockroach (D:1)
  6 goblins
  3 hobgoblins
  7 jackals
  5 quokkas
  2 frilled lizards
  6 kobolds
  5 rats
65 creatures vanquished.

Notes
Turn   | Place    | Note
-------+----------+-------------------------------------------
     0 | D:1      | funkygono the Minotaur Fighter began the quest for the Orb.
     0 | D:1      | Reached XP level 1. HP: 19/19 MP: 0/0
   374 | D:1      | Reached XP level 2. HP: 27/27 MP: 1/1
  1078 | D:2      | Reached XP level 3. HP: 33/33 MP: 2/2
  1126 | D:2      | Reached skill level 3 in Axes
  1824 | D:3      | Reached XP level 4. HP: 15/40 MP: 3/3
  1826 | D:3      | Reached skill level 4 in Axes
  2194 | D:4      | Reached XP level 5. HP: 33/46 MP: 4/4
  2366 | D:4      | Reached skill level 5 in Axes
  2366 | D:4      | Reached skill level 1 in Dodging
  2567 | D:5      | Entered Level 5 of the Dungeon
  2637 | D:5      | Slain by a gnoll

Illustrated notes

Levels and vault maps discovered:
D:1:      dpeg_arrival_three_same_balls, layout_basic
D:2:      layout_rooms
D:3:      layout_rooms
D:4:      layout_rooms
D:5:      layout_basic, mainiacjoe_overflow_alcove_1,
          mainiacjoe_overflow_catwalk_spiral, minmay_temple_entry_crystal_x,
          serial_shops, nicolae_diamond_shop, nicolae_elemental_shop,
          uniq_blork_the_orc, uniq_eustachio

Skill      XL: |  1  2  3  4  5 |
---------------+----------------+-----
Armour         | 4 |  4.5
Shields        | 4 |  4.3
Axes           | 3 4 5 |  5.3
Fighting       | 4 |  4.2
Dodging        | 1 |  1.3

Action                     |  1- 3 |  4- 6 || total
---------------------------+-------+-------++-------
  Melee: War axe           |   106 |    65 ||   171
         Headbutt          |    18 |     7 ||    25
    Use: Scroll            |       |     6 ||     6
 Armour: Scale mail        |    46 |       ||    46
         Chain mail        |     3 |    35 ||    38
  Dodge: Dodged            |    37 |    28 ||    65
  Block: Buckler           |    27 |     6 ||    33

Table legend: (Time is in decaauts)
 A = Elapsed time spent in this place.
 B = Non-inter-level travel time spent in this place.
 C = Inter-level travel time spent in this place.
 D = Time resting spent in this place.
 E = Time spent auto-exploring this place.
 F = Levels seen in this place.
 G = Mean time per level.
                   A        B        C        D        E       F      G
               +--------+--------+--------+--------+--------+-----+--------+
         Total |   2697 |   2583 |    114 |      0 |   1946 |   5 |  539.4 |
       Dungeon |   2697 |   2583 |    114 |      0 |   1946 |   5 |  539.4 |
               +--------+--------+--------+--------+--------+-----+--------+

Top non-repeatable levels by time:
     D:1: 928 daAuts
     D:3: 690 daAuts
     D:2: 518 daAuts
     D:4: 487 daAuts
     D:5: 71 daAuts
